 Dungeon Crawl Stone Soup version 0.28.0-53-g5a82cb258f (webtiles) character file.

Game seed: 17595394557137155970

1169 safid the Cleaver (level 8, -17/66 HPs)
             Began as a Hill Orc Fighter on Aug 18, 2022.
             Demolished by a cyclops (27 damage)
             ... on level 6 of the Dungeon.
             The game lasted 00:04:41 (6104 turns).

safid the Cleaver (Hill Orc Fighter)                Turns: 6104, Time: 00:04:42

Health: -17/66     AC:  8    Str: 21    XL:     8   Next: 40%
Magic:  8/8        EV:  9    Int:  8    God:
Gold:   208        SH:  4    Dex: 10    Spells: 7/7 levels left

rFire   . . .      SeeInvis .   a - +0 war axe
rCold   . . .      Faith    .   c - +0 buckler
rNeg    . . .      Spirit   .   b - +0 scale mail
rPois   .          Reflect  .   (no helmet)
rElec   .          Harm     .   q - +0 cloak
rCorr   .          Rampage  .   (no gloves)
Will    .....                   (no boots)
Stlth   ..........              (no amulet)
HPRegen 0.21/turn               (no ring)
MPRegen 0.11/turn               (no ring)

@: mighty, marked, studying Maces & Flails
A: no striking features
a: no special abilities


You were on level 6 of the Dungeon.
You visited 1 branch of the dungeon, and saw 6 of its levels.

You collected 208 gold pieces.

Inventory:

Hand Weapons
 a - a +0 war axe (weapon)
Armour
 b - a +0 scale mail (worn)
 c - a +0 buckler (worn)
 q - a +0 cloak (worn)
Jewellery
 r - a ring of fire
Wands
 w - a wand of flame (10)
Scrolls
 g - 2 scrolls of enchant weapon
 i - 2 scrolls of amnesia
 o - a scroll of vulnerability {unknown}
 p - a scroll of immolation {unknown}
 s - a scroll of silence {unknown}
 v - 2 scrolls of teleportation
Potions
 d - a potion of might
 e - a potion of haste {unknown}
 f - 5 potions of curing
 h - 4 potions of lignification {unknown}
 k - a potion of heal wounds {unknown}
 l - a potion of mutation {unknown}
 m - 2 potions of ambrosia {unknown}
 n - 2 potions of berserk rage {unknown}
 t - a potion of flight {unknown}
 x - 2 potions of degeneration {unknown}
 z - a potion of magic {unknown}


   Skills:
 - Level 4.0 Fighting
 + Level 12.2 Axes
 - Level 4.0 Armour
 - Level 4.0 Shields


You had 7 spell levels left.
You didn't know any spells.
Your spell library contained the following spells:

 Spells                   Type           Power      Damage    Failure   Level
 Sting                    Tmut/Pois      0%         1d3       83%         1
 Corpse Rot               Necr/Air       0%         N/A       92%         2
 Poisonous Vapours        Pois/Air       0%         N/A       92%         2
 Frozen Ramparts          Ice            0%         1d2       99%         3
 Ice Form                 Ice/Tmut       0%         N/A       100%        4
 Olgreb's Toxic Radiance  Pois           0%         N/A       100%        4
 Summon Ice Beast         Ice/Summ       0%         N/A       100%        4


Dungeon Overview and Level Annotations

Branches:
Dungeon (6/15)
 Temple: D:4-7

Altars:
Nemelex Xobeh


Message History

The water moccasin bites you. The water moccasin barely misses you.
A cyclops comes into view.
You closely miss the water moccasin. The water moccasin barely misses you.
You miss the water moccasin. The water moccasin bites you.
You are poisoned.
The water moccasin poisons you!
You closely miss the water moccasin.
You feel very sick.
The water moccasin barely misses you. x2
You closely miss the water moccasin.
You feel sick.
The water moccasin bites you but does no damage.
A killer bee zombie comes into view.
You slash the water moccasin!
The water moccasin is moderately wounded.
You feel sick. The water moccasin closely misses you.
An iguana comes into view.
You hit the water moccasin.
The water moccasin is moderately wounded.
You slash the cyclops!
You feel sick. The water moccasin bites you.
You are more poisoned.
The water moccasin poisons you! The cyclops hits you!!
The water moccasin bites you!
* * * LOW HITPOINT WARNING * * *
You feel better.
A kobold comes into view. It is wielding a +0 whip.
You block the water moccasin's attack.
Unknown command.
You feel very mighty all of a sudden. The water moccasin bites you.
The kobold unwields a +0 whip.
The kobold wields a +0 hand crossbow.
The kobold shoots a bolt.
The bolt hits you but does no damage. The cyclops hits you.
* * * LOW HITPOINT WARNING * * *
Unknown command.
You hit the cyclops but do no damage.
The cyclops is lightly wounded.
You miss the water moccasin. The water moccasin bites you.
* * * LOW HITPOINT WARNING * * *
The water moccasin bites you but does no damage.
The cyclops hits you!!
You die...

.. #. ##.## #####...##
........## ###
##......K## #/#
#........K#####.###.###
+.........'....@SZ.l...
#.........####..C##.###
##.......## ##.##
##..)>.## ### ##...##
###'###### #......|.#
#.#.####.#
####.#.####.#


You could see a cyclops, a water moccasin, a kobold brigand, an iguana and a
killer bee zombie.

Vanquished Creatures
  Menkaure (D:4)
  Duvessa (D:6)
  An ice beast (D:3)
  2 ogres (D:5)
  A centaur (D:6)
  A wyvern zombie (D:5)
  Dowan (D:6)
  3 hounds
  A gnoll shaman (D:4)
  3 jellies
  An orc priest (D:5)
  2 iguanas
  An orc wizard (D:3)
  2 hound zombies (D:5)
  A hound skeleton (D:4)
  A howler monkey zombie (D:6)
  4 adders
  An ufetubus (D:5)
  3 worms
  2 dart slugs (D:1)
  11 orcs
  6 ball pythons
  7 endoplasms
  2 giant cockroaches (D:4)
  4 goblins
  5 hobgoblins
  4 kobolds
  A quokka (D:4)
  4 frilled lizards
  A rat (D:3)
78 creatures vanquished.

Notes
Turn   | Place    | Note
-------+----------+-------------------------------------------
     0 | D:1      | safid the Hill Orc Fighter began the quest for the Orb.
     0 | D:1      | Reached XP level 1. HP: 19/19 MP: 1/1
   221 | D:1      | Reached XP level 2. HP: 19/27 MP: 2/2
   360 | D:1      | Reached skill level 3 in Axes
  1087 | D:2      | Reached XP level 3. HP: 33/33 MP: 3/3
  1507 | D:2      | Found a faded altar of an unknown god.
  2306 | D:3      | Reached XP level 4. HP: 40/40 MP: 4/4
  2314 | D:3      | Reached skill level 4 in Axes
  2452 | D:3      | Identified the +8 shortbow "Pendulum" {venom, rElec rC+}
  2641 | D:3      | Noticed an ice beast
  2646 | D:3      | Killed an ice beast
  2647 | D:3      | Reached skill level 6 in Axes
  2647 | D:3      | Reached XP level 5. HP: 37/46 MP: 5/5
  2895 | D:4      | Reached skill level 7 in Axes
  2895 | D:4      | Reached XP level 6. HP: 50/52 MP: 6/6
  3519 | D:4      | You fall into a shaft and drop 2 floors!
  3544 | D:6      | Noticed Dowan
  3546 | D:6      | Noticed Duvessa
  3568 | D:6      | Killed Duvessa
  3569 | D:6      | Reached skill level 8 in Axes
  3569 | D:6      | Reached XP level 7. HP: 16/59 MP: 7/7
  3570 | D:6      | Killed Dowan
  3571 | D:6      | Reached skill level 9 in Axes
  4037 | D:5      | Entered Level 5 of the Dungeon
  4225 | D:5      | Reached skill level 10 in Axes
  4647 | D:4      | Found a sparkling altar of Nemelex Xobeh.
  4658 | D:4      | Noticed Menkaure
  4666 | D:4      | Killed Menkaure
  4667 | D:4      | Reached skill level 11 in Axes
  4667 | D:4      | Reached XP level 8. HP: 24/66 MP: 8/8
  4919 | D:4      | Identified the +1 leather armour of Erghocoywn {-Cast +Inv
                  | rElec Slay+3}
  5949 | D:6      | Reached skill level 12 in Axes
  6095 | D:6      | Noticed a cyclops
  6104 | D:6      | Demolished by a cyclops

Illustrated notes

Levels and vault maps discovered:
D:1:      psy_arrival_radial01, layout_loops_ring
D:2:      layout_loops_corners, serial_rivers, chequers_serial_rivers_micro_a,
          chequers_serial_rivers_large_b, chequers_serial_rivers_micro_b,
          chequers_serial_rivers_micro_b, chequers_serial_rivers_micro_d,
          chequers_serial_rivers_micro_e,
          hellmonk_ecumenical_altar_leap_of_faith
D:3:      layout_loops_cross, hangedman_decor_clover_reticule,
          kennysheep_generic_room_15
D:4:      layout_loops_ring, mainiacjoe_overflow_chevrons, minmay_manual_mullet,
          uniq_menkaure
D:5:      layout_loops_cross
D:6:      layout_loops_corners, mainiacjoe_overflow_alcove_1,
          minmay_misc_feat_more_columns, minmay_microvault, uniq_duvessa,
          uniq_grinder, uniq_eustachio, uniq_blork_the_orc

Skill      XL: |  1  2  3  4  5  6  7  8 |
---------------+-------------------------+-----
Axes           | 3 6 7 8 11 12 | 12.2
Fighting       | 4 |  4.0
Armour         | 4 |  4.0
Shields        | 4 |  4.0

Action                   |  1- 3 |  4- 6 |  7- 9 || total
-------------------------+-------+-------+-------++-------
Melee: War axe           |    72 |    98 |   127 ||   297
  Use: Potion            |       |     1 |     2 ||     3
       Scroll            |       |       |     5 ||     5
Armor: Scale mail        |    26 |    49 |    40 ||   115
Dodge: Dodged            |    30 |    40 |    44 ||   114
Block: Buckler           |     7 |    25 |    25 ||    57
